 Dungeon Crawl Stone Soup version 0.17-a0-1181-gabc46e6 (webtiles) character file.

53 Hanyuu the Insei (level 3, 12/20 HPs)
             Began as an Octopode Transmuter on May 31, 2015.
             Quit the game on level 2 of the Dungeon.
             The game lasted 00:04:56 (1899 turns).

Hanyuu the Insei (Octopode Transmuter)              Turns: 1899, Time: 00:04:56

Health: 12/20      AC:  3    Str:  9    XL:     3   Next: 87%
Magic:  6/6        EV: 12    Int: 14    God:
Gold:   151        SH:  0    Dex: 12    Spells: 3 memorised, 0 levels left

rFire  . . .     SeeInvis .       - Unarmed
rCold  . . .     Clarity  .     (no shield)
rNeg   . . .     SustAt   +     e - +2 hat
rPois  .         Gourm    .     (no amulet)
rElec  .         Spirit   .     r - ring of sustain attributes
rCorr  .         Warding  .     (no ring)
rMut   .         Stasis   .     (no ring)
MR     .....                    (no ring)
Stlth  ++........               (no ring)
                                (no ring)
                                (no ring)
                                (no ring)

@: very slightly contaminated, not resistant to hostile enchantments, unstealthy
A: almost no armour, amphibious, 8 rings, constrict 8, camouflage 1, dopey 1,
frail 1, gelatinous body 1, subdued magic 1
a: no special abilities


You were on level 2 of the Dungeon.
You were not hungry.

You visited 1 branch of the dungeon, and saw 3 of its levels.

You collected 151 gold pieces.

Inventory:

Missiles
 a - 34 arrows
Armour
 e - a +2 hat (worn)
Jewellery
 r - a ring of sustain attributes (left tentacle)
Scrolls
 f - a scroll of remove curse
 h - a scroll of blinking
 i - a scroll of enchant weapon {unknown}
 k - a scroll of identify {unknown}
 o - a scroll of fear {unknown}
 u - a scroll of immolation {unknown}
Potions
 d - a potion of brilliance {unknown}
 j - a potion of heal wounds {unknown}
 l - a potion of degeneration {unknown}
 m - 2 potions of flight {unknown}
 n - a potion of agility {unknown}
 p - a potion of curing {unknown}
 s - a potion of haste {unknown}
Books
 b - a book of Changes

   Spells                             Type                      Level
   a - Beastly Appendage              Transmutation                1
   b - Sticks to Snakes               Transmutation                2
   c - Spider Form                    Transmutation/Poison         3
   d - Ice Form                       Ice/Transmutation            4
   e - Blade Hands                    Transmutation                5
Comestibles
 c - a bread ration
 g - 2 fruits
 q - a meat ration
 t - 3 chunks of flesh


   Skills:
 - Level 1.0 Fighting
 - Level 2.0 Dodging
 + Level 4.4 Unarmed Combat
 - Level 2.0 Spellcasting
 - Level 2.0 Transmutations
 - Level 1.3 Poison Magic


You couldn't memorise any spells.
You knew the following spells:

 Your Spells              Type           Power        Failure   Level  Hunger
a - Beastly Appendage     Trmt           #.....       5%          1    ##.....
b - Sticks to Snakes      Trmt           #.........   9%          2    ###....
c - Spider Form           Trmt/Pois      #.........   24%         3    ####...


Dungeon Overview and Level Annotations

Branches:
Dungeon (3/15)

Altars:
Fedhas

Annotations:
D:2 Natasha


Innate Abilities, Weirdness & Mutations

You cannot wear most types of armour.
You are amphibious.
You can wear up to eight rings at the same time.
You can use your tentacles to constrict eight enemies at once.
Your skin changes colour to match your surroundings (Stealth).
Your rubbery body absorbs attacks (AC +1).
You are dopey. (Int -2)
You are frail (-10% HP).
Your spells are a little easier to cast, but a little less powerful.


Message History

You start resting.
Your transformation has ended.
Your +2 hat unmelds from your body.
You start resting.
Your body shudders with the violent release of wild energies!
Your connection to magic feels subdued.
A goblin comes into view. It is wielding a dagger.
A goblin is nearby!
You tentacle-slap the goblin.
You kill the goblin!
No target in view!
There is a stone staircase leading down here.
You start resting.
Magic restored.
You start resting.
Your body shudders with the violent release of wild energies!
You feel stupid.
You start resting.
You feel less contaminated with magical energies.
Are you sure you want to abandon this character and quit the game? (Confirm with "yes".)

##?.......
###......<..
#...........
####.#........h
.....#.........
......(..######
##.....#.##
##############
=..#####..#
##.....##.....## ####
##.###...@..........##
#.##...)............#
#.##................#
#.##................#
#..#....)...........#
##..................#
##.................#
#.........(......##
###......##.......##


There were no monsters in sight!

Vanquished Creatures
  A gnoll (D:3)
  A worm (D:2)
  2 giant geckos (D:2)
  An orc (D:3)
  3 bats
  A giant cockroach (D:2)
  9 goblins
  6 hobgoblins
  A giant newt (D:3)
  6 kobolds
  A quokka (D:2)
  5 rats
37 creatures vanquished.

Notes
Turn   | Place    | Note
--------------------------------------------------------------
     0 | D:1      | Hanyuu the Octopode Transmuter began the quest for the Orb.
     0 | D:1      | Reached XP level 1. HP: 13/13 MP: 3/3
    79 | D:1      | Reached XP level 2. HP: 11/18 MP: 3/5
  1074 | D:2      | Noticed Natasha
  1102 | D:2      | Learned a level 2 spell: Sticks to Snakes
  1140 | D:2      | Reached skill level 4 in Unarmed Combat
  1242 | D:2      | Reached XP level 3. HP: 23/23 MP: 6/6
  1247 | D:2      | Learned a level 3 spell: Spider Form
  1540 | D:2      | Found a blossoming altar of Fedhas.
  1769 | D:3      | Gained mutation: You are frail (-10% HP). [mutagenic glow]
  1784 | D:3      | Reached skill level 1 in Poison Magic
  1826 | D:2      | Gained mutation: Your spells are a little easier to cast, but a little less powerful. [mutagenic glow]
  1881 | D:2      | Gained mutation: You are dopey. (Int -2) [mutagenic glow]
  1899 | D:2      | Quit the game

Vault maps used:
D:1:      dpeg_arrival_arbitrary_b, st_stairs_11
D:2:      lemuel_upstairs_altar, fedhas_altar_4, uniq_natasha
D:3:      lemuel_doored_altar, st_stairs_1, minmay_misc_feat_nine_boxes,
          grunt_ministairs_9, serial_bayou_pond_e, minmay_cupped

Action                   || total
-------------------------++-------
Melee: Unarmed           ||    82
 Cast: Beastly Appendage ||     1
       Spider Form       ||     1
  Use: Scroll            ||     2
 Stab: Sleeping          ||     3
  Eat: Chunk             ||     3
